 Dungeon Crawl Stone Soup version 0.30-a0-1075-gcd70e7a56d (webtiles) character file.

Game seed: 14120828607843685357

105117 testman the Thaumaturge (level 15, -3/90 (112) HPs)
             Began as a Demonspawn Venom Mage on Apr 11, 2023.
             Was the Champion of Ru.
             Slain by Nikola
             ... wielding a +0 rapier of electrocution
              (9 damage)
             ... on level 1 of the Shoals on Apr 14, 2023.
             The game lasted 02:57:04 (25510 turns).

testman the Thaumaturge (Demonspawn Venom Mage)    Turns: 25510, Time: 02:57:04

HP:   -3/90 (112)   AC: 28    Str: 16    XL:     15   Next: 93%
MP:   37/46         EV: 12    Int: 20    God:    Ru [******]
Gold: 816           SH: 19    Dex: 15    Spells: 14/33 levels left

rFire   + + +      SeeInvis .    s - +4 dagger "Hellblazer" {flame, Fly rN+ Str+4}
rCold   + + +      Faith    .    a - +2 shield of Resistance {rF++ rC++ Will++}
rNeg    + + .      Spirit   .    Q - +4 ring mail of Claustrophobia {rF+++ Str+3}
rPois   +          Reflect  .    O - +0 helmet
rElec   +          Rampage  .    m - scarf {rC+ rF+}
rCorr   +                        u - +2 pair of gloves "Oripleedd" {rC- rN+ MP+9}
Will    +++..                    c - +1 pair of boots {Stlth+}
Stlth   +                        A - amulet of magic regeneration
HPRegen 0.35/turn                Y - ring of the Octopus King {Wiz HP+2 AC+2 EV+2 SH+2}
MPRegen 0.70/turn                i - ring of magical power

@: exhausted, silenced, resistant, flying, heavily drained
A: slimy green scales 1, dopey 1, icemail 2, powered by death 2, inability to
use devices, unskilled 2, missing an eye, condensation shield, weakness stinger
2
a: Renounce Religion


You were on level 1 of the Shoals.
You worshipped Ru.
Ru was exalted by your worship.
You visited 6 branches of the dungeon, and saw 24 of its levels.
You also visited: Sewer, Ossuary, Bailey and Ice Cave.

You collected 2378 gold pieces.
You spent 1562 gold pieces at shops.

Inventory:

Hand Weapons
 j - a +5 antimagic sling
 s - the +4 dagger "Hellblazer" (weapon) {flame, Fly rN+ Str+4}
   (You found it on level 3 of the Dungeon)

   Str:       It affects your strength (+4).
   rN:        It protects you from negative energy.
   Fly:       It grants you flight.
 C - a +1 sling of draining
 F - a +0 quick blade
Missiles
 r - 40 poisoned darts
Armour
 a - the +2 shield of Resistance (worn) {rF++ rC++ Will++}
   (You bought it in a shop on level 2 of the Orcish Mines)

   rF:        It greatly protects you from fire.
   rC:        It greatly protects you from cold.
   Will:      It greatly increases your willpower.
 c - a +1 pair of boots of stealth (worn)
 m - a scarf of resistance (worn)
 u - the +2 pair of gloves "Oripleedd" (worn) {rC- rN+ MP+9}
   (You acquired it on level 8 of the Dungeon)

   rC:        It makes you vulnerable to cold.
   rN:        It protects you from negative energy.
   MP:        It affects your magic capacity (+9).
 K - +0 ice dragon scales
 M - +2 steam dragon scales
 O - a +0 helmet (worn)
 Q - the +4 ring mail of Claustrophobia (worn) {rF+++ Str+3}
   (You found it on level 7 of the Dungeon)

   Str:       It affects your strength (+3).
   rF:        It renders you almost immune to fire.
Jewellery
 d - a ring of wizardry
 i - a ring of magical power (right hand)
 k - a ring of see invisible
 A - an amulet of magic regeneration (around neck)
 T - the ring of the Modern Violins {rN+ Str+3}
   (You found it in an ice cave)

   [ring of positive energy]

   Str:       It affects your strength (+3).
   rN:        It protects you from negative energy.
 V - a ring of protection from cold
 Y - a ring of the Octopus King (left hand) {Wiz HP+2 AC+2 EV+2 SH+2}
   (You found it on level 5 of the Lair of Beasts)

   [ring of wizardry]

   It improves your spell success rate.
   AC:        It affects your AC (+2).
   EV:        It affects your evasion (+2).
   HP:        It affects your health (+2).
   SH:        It affects your SH (+2).
 Z - the macabre finger necklace {Finger+ rN+}
   (You found it on level 5 of the Lair of Beasts)

   [amulet of nothing]

   Finger+:   It enables you to equip an extra ring.
   rN:        It protects you from negative energy.
Scrolls
 f - 5 scrolls of teleportation
 h - a scroll of magic mapping
 o - 6 scrolls of amnesia
 w - 4 scrolls of enchant weapon
 y - a scroll of vulnerability
 B - 3 scrolls of identify
 J - 3 scrolls of immolation
 P - a scroll of butterflies
 R - 2 scrolls of fear
 U - a scroll of fog
Potions
 b - 4 potions of magic
 e - 3 potions of flight
 l - 6 potions of mutation
 q - 2 potions of might
 v - 6 potions of haste
 x - 6 potions of curing
 E - 4 potions of lignification
 H - 2 potions of ambrosia
 I - 4 potions of brilliance
 L - 4 potions of resistance
 N - 2 potions of cancellation
 W - a potion of invisibility
 X - a potion of berserk rage


   Skills:
 - Level 7.7 Fighting
 + Level 9.0 Short Blades
 - Level 3.0 Armour
 - Level 2.8 Dodging
 - Level 1.4 Stealth
 - Level 8.6 Shields
 - Level 9.6 Spellcasting
 - Level 6.4 Conjurations
 - Level 3.0 Translocations
 - Level 4.0 Transmutations
 - Level 8.6 Fire Magic
 + Level 3.0 Air Magic
 - Level 9.3 Poison Magic


You had 14 spell levels left.
You knew the following spells:

 Your Spells              Type           Power      Damage    Failure   Level
a - Sting                 Tmut/Pois      100%       1d8       1%          1
b - Poisonous Vapours     Pois/Air       68%        N/A       1%          2
c - Mephitic Cloud        Conj/Pois/Air  34%        N/A       3%          3
d - Olgreb's Toxic Radia  Pois           46%        N/A       2%          4
e - Ignite Poison         Fire/Tmut/Pois 38%        N/A       1%          3
f - Blink                 Tloc           42%        N/A       6%          2
g - Sticky Flame          Conj/Fire      39%        2d6       6%          4

Your spell library contained the following spells:

 Spells                   Type           Power      Damage    Failure   Level
 Kiss of Death            Conj/Necr      88%        2d12      3%          1
 Cigotuvi's Dreadful Rot  Necr/Pois/Air  52%        N/A       3%          2
 Hailstorm                Conj/Ice       22%        3d7       11%         3
 Gell's Gravitas          Tloc           21%        N/A       12%         3
 Teleport Other           Tloc           21%        N/A       12%         3
 Vhi's Electric Charge    Tloc/Air       42%        N/A       12%         3
 Portal Projectile        Hex/Tloc       30%        N/A       21%         3
 Manifold Assault         Tloc           21%        N/A       34%         4
 Passage of Golubria      Tloc           21%        N/A       34%         4
 Call Canine Familiar     Summ           9%         N/A       36%         3
 Confusing Touch          Hex            9%         N/A       36%         3
 Tukima's Dance           Hex            9%         N/A       36%         3
 Arcjolt                  Conj/Air       14%        1d24      45%         5
 Ice Form                 Ice/Tmut       17%        N/A       47%         4
 Freezing Cloud           Conj/Ice/Air   11%        6-21      65%         5
 Animate Dead             Necr           9%         N/A       75%         4
 Dispel Undead            Necr           9%         3d8       75%         4
 Leda's Liquefaction      Hex/Erth       4%         N/A       75%         4
 Yara's Violent Unravell  Hex/Tmut       8%         3d5       82%         5
 Borgnjor's Vile Clutch   Necr/Erth      4%         N/A       97%         5
 Dispersal                Tloc           10%        N/A       99%         6
 Death Channel            Necr           4%         N/A       100%        6
 Simulacrum               Ice/Necr       4%         N/A       100%        6
 Haunt                    Necr/Summ      4%         N/A       100%        7
 Storm Form               Tmut/Air       11%        N/A       100%        7
 Disjunction              Tloc           10%        N/A       100%        8
 Ignition                 Fire           22%        3d8       100%        8
 Infestation              Necr           4%         N/A       100%        8
 Maxwell's Capacitive Co  Air            10%        ∞         100%        8
 Chain Lightning          Conj/Air       14%        3d18      100%        9
 Fire Storm               Conj/Fire      19%        8d5       100%        9
 Shatter                  Erth           4%         3d8*      100%        9


Dungeon Overview and Level Annotations

Branches:
Dungeon (14/15)            Temple (1/1) D:7            Lair (5/5) D:11
 Shoals (1/4) Lair:2        Snake (1/4) Lair:2        Slime (0/5) Lair:4
    Orc (2/2) D:11            Elf (0/3) Orc:2        Vaults (0/5) D:13
  Sewer (visited)         Ossuary (visited)          Bailey (visited)
  IceCv (visited)

Altars:
Ashenzari
Cheibriados
Dithmenos
Fedhas
Gozag
Hepliaklqana
Kikubaaqudgha
Makhleb
Nemelex Xobeh
Okawaru
Qazlal
Ru
Sif Muna
Trog
Uskayaw
Vehumet
Wu Jian
Xom
Yredelemnul
Jiyva

Shops:
D:4 *   D:8 =   D:9 *   D:14 =   Orc:1 **   Orc:2 [(*[

Annotations:
Shoals:1 Nikola
Orc:2 1 runed translucent door, gelatine's ghost, journeyman DjFE


Innate Abilities, Weirdness & Mutations

You are partially covered in slimy green scales. (AC +2)
You are dopey. (Int -2)
A meltable icy envelope protects you from harm. (AC +8)
You regenerate health from kills.
You cannot study or use magical devices.
You are unskilled. (-2 Apt)
You are missing an eye, making it more difficult to aim.
A meltable shield of frost defends you. (SH +4)
You have a tail ending in a sharp stinger.


Message History

Press: ? - help, Shift-Dir - straight line, f/p - Nikola
Aim: Nikola, wielding a +0 rapier of electrocution, wearing a +1 cloak of poison resistance and wearing a +0 pair of gloves (moderately wounded, covered in liquid flames)
The sticky flame hits Nikola.
Nikola is moderately wounded.
Nikola is covered in liquid flames!
Nikola burns!
You block Nikola's attack.
You hit Nikola. You burn Nikola. You tail-slap Nikola, but do no damage.
Nikola is heavily wounded.
You block Nikola's attack.
You hit Nikola. You burn Nikola.
Your tail-slap misses Nikola.
Nikola is heavily wounded.
Nikola burns!
You hit Nikola. You burn Nikola. You tail-slap Nikola!
Nikola is heavily wounded.
Nikola burns!
Nikola gestures wildly while chanting.
Lightning arcs from Nikola's hands!
The bolt of lightning hits you!!! You resist.
Ouch! That really hurt!
* * * LOW HITPOINT WARNING * * *
A bolt of lightning appears from out of thin air!
The bolt of lightning hits Nikola!
Okay, then.
Unknown command.
Aiming: Power Leap
Press: ? - help, Dir - move target, f/p - Nikola
Aim: Nikola, wielding a +0 rapier of electrocution, wearing a +1 cloak of poison resistance and wearing a +0 pair of gloves (heavily wounded, covered in liquid flames)
Okay, then.
Unknown command.
Activating: Apocalypse
Press: ? - help, Dir - look around, f - activate You reveal the great annihilating truth to your foes!
Nikola doubts his magic when faced with ultimate truth!
You feel drained.
Nikola burns!
Nikola hits you but does no damage.
Unknown command.
Okay, then.
Unknown command.
As you read the scroll of silence, it crumbles to dust.
A profound silence engulfs you.
Nikola burns!
Nikola hits you with a +0 rapier of electrocution!
You die...

.... #.~~~~~~~.~~~~~~ .~~..
##.~~~~~.#..~~~~~~~≈
.~~~.###.~~~~~~.#.....~~~~≈
~.~~~....~~~~~~...~....~~~≈
...~~~~~~)~~~~~~~~~~..~~~~~
##..~[<~)~~~~~~~~~~~~~~~~~
##.~~~~~~~~~~~~~~~~~~~~~~~
...[~~~~~~~.....~~~~~~~~~~~
..~~~~~~~...@@..)..~~~..~~~
~~~~..~~~.)###.......#..~~~
~~~~....~..###..~~~.##...~~
~~......~..##..~~~~.....~ ~
~~.####.......~~~~~~~~..~
~~. #.~~~(~~~~≈≈~~~~~~~~
#.~~~~~~~≈≈≈≈~~~~~~~
....~~~~~~≈≈≈≈≈≈≈~~~~≈
~~~~~~~≈≈≈≈≈≈≈≈≈≈≈≈≈≈≈


You could see Nikola (burning, magic disrupted).

Vanquished Creatures
  Frances (Shoals:1)
  Kirke (Lair:4)
  Louise (Shoals:1)
  Snorg (Lair:3)
  2 ogre magi (Orc:2)
  3 hydras
  A death knight (D:13)
  4 vault guards (D:13)
  14 two-headed ogres
  A centaur warrior (D:13)
  4 boulder beetles
  A merfolk avatar (Lair:5)
  A tengu warrior (D:14)
  An orc high priest (Orc:2)
  A soul eater (D:14)
  5 skeletal warriors
  2 sea snakes
  2 deep trolls (Orc:2)
  8 orc knights (Orc:1)
  A necromancer (IceCv)
  2 deep elf pyromancers
  5 manticores
  5 orc sorcerers
  2 ugly things
  2 oklob plants
  7 cyclopes
  A salamander (Lair:2)
  Joseph (D:10)
  2 black mambas
  A merfolk siren (Shoals:1)
  20 elephants (Lair:5)
  A smoke demon (D:14)
  An ice statue (IceCv)
  A kobold demonologist (D:10)
  19 cane toads
  2 orange demons (D:14)
  4 rime drakes
  A komodo dragon (shapeshifter) (D:13)
  13 komodo dragons
  3 unseen horrors
  A tengu conjurer (D:14)
  5 freezing wraiths (IceCv)
  An anaconda simulacrum (IceCv)
  11 ice devils (IceCv)
  5 merfolk
  2 wind drakes (Lair:5)
  A queen bee (shapeshifter) (D:13)
  12 trolls
  6 polar bears
  3 hornets
  17 blink frogs
  A tarantella (shapeshifter) (D:13)
  Prince Ribbit (Lair:1)
  23 dream sheep
  A slime creature (D:12)
  A wraith (D:14)
  2 dire elephant simulacra (IceCv)
  2 spriggans (Bailey)
  A wyvern (Lair:5)
  4 basilisks
  2 water elementals
  A ynoxinul (D:14)
  A vampire (D:13)
  4 hogs (Lair:4)
  41 yaks
  A steam dragon (Bailey)
  3 wargs
  2 harpy simulacra (IceCv)
  Menkaure (D:7)
  4 death yak simulacra (IceCv)
  A hydra simulacrum (IceCv)
  An acid dragon (D:12)
  10 water moccasins
  A sky beast (D:5)
  3 black bears
  9 ice beasts
  18 orc warriors
  27 ogres
  32 wolves
  A centaur (D:8)
  2 kobold brigands
  16 bullfrogs
  An elf zombie (Ossuary)
  3 cane toad simulacra (IceCv)
  6 scorpions
  9 wights
  2 elephant simulacra (IceCv)
  9 killer bees
  4 electric eels (Lair:2)
  10 howler monkeys
  5 lava snakes (Lair:2)
  2 gnoll boudas
  6 hounds
  4 jellies
  21 orc priests
  A sleepcap (D:6)
  29 orc wizards
  2 iguanas
  3 hell rats (Lair:5)
  A spriggan simulacrum (IceCv)
  8 wolf simulacra (IceCv)
  3 polar bear simulacra (IceCv)
  2 mummies (Ossuary)
  15 gnolls
  20 adders
  5 river rats
  5 white imps
  4 ufetubi
  2 worms
  4 dart slugs
  82 orcs
  15 ball pythons
  10 bats
  6 endoplasms
  2 giant cockroaches
  9 goblins
  13 hobgoblins
  2 jackals (D:4)
  2 quokkas
  A frilled lizard (Sewer)
  4 gnoll zombies (Ossuary)
  2 goblin zombies (Ossuary)
  2 hobgoblin zombies (Ossuary)
  18 kobolds
  5 orc zombies (Ossuary)
  33 rats
  A bush (Lair:5)
822 creatures vanquished.

Vanquished Creatures (collateral kills)
  A bullfrog (Sewer)
1 creature vanquished.

Vanquished Creatures (others)
  A hydra (Lair:5)
  A two-headed ogre (Orc:1)
  A harpy (Lair:5)
  An elephant (Lair:5)
  A gargoyle (D:10)
  2 cane toads
  A merfolk (Shoals:1)
  2 basilisks
  A yak (D:12)
  A harpy simulacrum (IceCv)
  An electric eel (Lair:2)
  A lava snake (Lair:2)
  2 orc wizards
  A hell rat (Lair:5)
  An orc (Orc:1)
  A demonic plant (D:14)
  56 fungi
  52 plants
  29 withered plants (Lair:2)
156 creatures vanquished.

Grand Total: 979 creatures vanquished

Notes
Turn   | Place    | Note
-------+----------+-------------------------------------------
     0 | D:1      | testman the Demonspawn Venom Mage began the quest for the
                  | Orb.
     0 | D:1      | Reached XP level 1. HP: 13/13 MP: 3/3
    37 | D:1      | Reached skill level 1 in Transmutations
   157 | D:1      | Reached skill level 1 in Air Magic
   457 | D:1      | Gained mutation: A meltable shield of frost defends you.
                  | (SH +4) [demonic ancestry]
   457 | D:1      | Reached XP level 2. HP: 19/19 MP: 1/5
   460 | D:1      | Learned a level 2 spell: Poisonous Vapours
  1187 | D:2      | Gained mutation: You regenerate a little health from kills.
                  | [demonic ancestry]
  1187 | D:2      | Reached XP level 3. HP: 24/24 MP: 6/6
  1191 | D:2      | Learned a level 3 spell: Mephitic Cloud
  1325 | D:2      | Reached skill level 1 in Conjurations
  1626 | D:2      | Found a faded altar of an unknown god.
  1968 | D:3      | Identified the +4 dagger "Hellblazer" {flame, Fly rN+
                  | Str+4}
  2093 | D:3      | Reached XP level 4. HP: 25/30 MP: 7/7
  2095 | D:3      | Found a glowing drain.
  2100 | Sewer    | Entered a sewer
  2388 | Sewer    | Reached XP level 5. HP: 34/35 MP: 8/8
  2485 | Sewer    | Gained mutation: You have a small tail. [demonic ancestry]
  2485 | Sewer    | Reached XP level 6. HP: 19/41 MP: 9/10
  2879 | D:3      | You are sucked into a shaft and drop 2 floors!
  2879 | D:5      | Entered Level 5 of the Dungeon
  2970 | D:4      | Learned a level 4 spell: Olgreb's Toxic Radiance
  3416 | D:4      | Reached XP level 7. HP: 41/46 MP: 13/13
  3424 | D:4      | Reached skill level 5 in Poison Magic
  3471 | D:4      | Found a radiant altar of Vehumet.
  3536 | D:4      | Found Kupp's Neck Hole.
  3687 | D:3      | Found a stormy altar of Qazlal.
  3817 | D:4      | Bought an amulet of magic regeneration for 300 gold pieces
  4578 | D:5      | Reached skill level 1 in Shields
  4622 | D:5      | Found a snail-covered altar of Cheibriados.
  4763 | D:5      | Found a shadowy altar of Dithmenos.
  5110 | D:5      | Reached XP level 8. HP: 39/52 MP: 14/14
  5655 | D:6      | Reached skill level 1 in Fighting
  5655 | D:6      | Reached skill level 1 in Short Blades
  6106 | D:6      | Gained mutation: You have a tail ending in a sharp stinger.
                  | [demonic ancestry]
  6106 | D:6      | Reached XP level 9. HP: 33/62 MP: 15/15
  6517 | D:6      | Learned a level 3 spell: Ignite Poison
  6533 | D:6      | Learned a level 2 spell: Blink
  6731 | D:7      | Noticed Menkaure
  6739 | D:7      | Reached skill level 1 in Translocations
  6739 | D:7      | Reached skill level 1 in Fire Magic
  6809 | D:7      | Found a staircase to the Ecumenical Temple.
  6816 | D:7      | Found a flagged portal.
  6825 | Bailey   | Entered a bailey
  6923 | Bailey   | Noticed a two-headed ogre
  7108 | Bailey   | Killed a two-headed ogre
  7109 | Bailey   | Reached skill level 5 in Fighting
  7109 | Bailey   | Reached skill level 5 in Short Blades
  7109 | Bailey   | Reached XP level 10. HP: 19/74 MP: 13/16
  7348 | Temple   | Entered the Ecumenical Temple
  7389 | Temple   | Became a worshipper of Ru the Awakened
  7652 | D:7      | Identified the +4 ring mail of Claustrophobia {rF+++ Str+3}
  7690 | D:7      | Killed Menkaure
  7973 | D:7      | Found an opulent altar of Gozag.
  8007 | D:8      | Identified a scroll of acquirement
  8008 | D:8      | Acquired the +2 pair of gloves "Oripleedd" {rC- rN+ MP+9}
  8210 | D:8      | Found Fofrinna's Jewellery Boutique.
  8344 | D:8      | Found a sand-covered staircase.
  8348 | Ossuary  | Entered an ossuary
  8567 | D:8      | Found a hide-covered altar of Uskayaw.
  8755 | D:8      | Reached skill level 5 in Fire Magic
  9096 | D:9      | Noticed a two-headed ogre
  9101 | D:9      | Killed a two-headed ogre
  9165 | D:9      | Gained mutation: You cannot study or use magical devices.
                  | [Ru sacrifice]
  9165 | D:9      | Reached * piety under Ru
  9165 | D:9      | Reached ** piety under Ru
  9331 | D:9      | Found Humoag's Humungous Hoard.
  9339 | D:9      | Bought a potion of heal wounds for 50 gold pieces
  9354 | D:9      | Found a broken altar of Ashenzari.
  9370 | D:9      | Reached XP level 11. HP: 84/84 MP: 18/18
  9375 | D:9      | Learned a level 4 spell: Sticky Flame
  9703 | D:9      | Identified the +1 war axe of Uzees {spect, rC++}
  9844 | D:9      | Found a burning altar of Makhleb.
  9846 | D:9      | Noticed an Executioner
 10061 | D:10     | Entered Level 10 of the Dungeon
 10147 | D:10     | Reached skill level 5 in Spellcasting
 10211 | D:10     | Noticed Joseph
 10217 | D:10     | Killed Joseph
 11194 | D:11     | Gained mutation: You are dopey. (Int -2) [Ru sacrifice]
 11194 | D:11     | Reached *** piety under Ru
 11272 | D:11     | Identified the +9 falchion "Utwagev" {protect, Drain rC+
                  | Int+2}
 11360 | D:11     | Noticed a green ugly thing
 11392 | D:11     | Killed a green ugly thing
 11534 | D:11     | Found a staircase to the Lair.
 11596 | D:11     | Noticed a boulder beetle
 11603 | D:11     | Reached skill level 5 in Conjurations
 11612 | D:11     | Killed a boulder beetle
 11908 | D:11     | Found a staircase to the Orcish Mines.
 11910 | D:11     | Noticed a two-headed ogre
 11915 | D:11     | Killed a two-headed ogre
 11951 | D:11     | Noticed a two-headed ogre
 11957 | D:11     | Killed a two-headed ogre
 12368 | D:12     | Noticed a two-headed ogre
 12372 | D:12     | Killed a two-headed ogre
 12410 | D:12     | Noticed a deep elf pyromancer
 12415 | D:12     | Killed a deep elf pyromancer
 12436 | D:12     | Noticed a skeletal warrior
 12438 | D:12     | Noticed a skeletal warrior
 12440 | D:12     | Noticed a skeletal warrior
 12467 | D:12     | Killed a skeletal warrior
 12468 | D:12     | Gained mutation: A meltable icy envelope protects you from
                  | harm. (AC +8) [demonic ancestry]
 12468 | D:12     | Reached XP level 12. HP: 20/94 MP: 21/21
 12955 | D:12     | Noticed a two-headed ogre
 13054 | D:12     | Killed a two-headed ogre
 13763 | D:12     | Noticed a boulder beetle
 13767 | D:12     | Killed a boulder beetle
 14022 | D:13     | Found a gate to the Vaults.
 14022 | D:13     | Noticed a centaur warrior
 14022 | D:13     | Noticed a vault guard
 14022 | D:13     | Noticed a vault guard
 14022 | D:13     | Noticed a vault guard
 14022 | D:13     | Noticed a vault guard
 14022 | D:13     | Noticed a death knight
 14027 | D:13     | Killed a vault guard
 14027 | D:13     | Killed a vault guard
 14027 | D:13     | Killed a centaur warrior
 14027 | D:13     | Killed a vault guard
 14028 | D:13     | Reached skill level 5 in Shields
 14029 | D:13     | Killed a death knight
 14030 | D:13     | Killed a vault guard
 14106 | D:13     | Gained mutation: A meltable icy envelope protects you from
                  | harm. (AC +8) [demonic ancestry]
 14106 | D:13     | Reached XP level 13. HP: 87/101 MP: 24/24
 14163 | D:13     | Gained mutation: You are somewhat unskilled. (-1 Apt) [Ru
                  | sacrifice]
 14163 | D:13     | Reduced skill Translocations to level 1
 14163 | D:13     | Reduced skill Transmutations to level 1
 14163 | D:13     | Reached **** piety under Ru
 14204 | D:13     | Reached skill level 5 in Shields
 14635 | D:14     | Found Ziceocaob's Jewellery Shoppe.
 14939 | D:14     | Reached skill level 1 in Armour
 15086 | Lair:1   | Entered Level 1 of the Lair of Beasts
 15323 | Lair:1   | Noticed Prince Ribbit
 15327 | Lair:1   | Killed Prince Ribbit
 15681 | Lair:1   | Gained mutation: You are unskilled. (-2 Apt) [Ru sacrifice]
 15681 | Lair:1   | Reduced skill Translocations to level 1
 15681 | Lair:1   | Reached ***** piety under Ru
 15793 | Lair:1   | Reached skill level 5 in Shields
 16469 | Lair:2   | Found a frozen archway.
 16487 | IceCv    | Entered an ice cave
 17817 | IceCv    | Found an ancient bone altar of Kikubaaqudgha.
 18084 | IceCv    | Identified the ring of the Modern Violins {rN+ Str+3}
 18366 | Lair:2   | Found a staircase to the Shoals.
 18810 | Lair:2   | Found a staircase to the Snake Pit.
 19277 | Lair:3   | Gained mutation: You regenerate health from kills. [demonic
                  | ancestry]
 19277 | Lair:3   | Reached XP level 14. HP: 86/104 MP: 24/24
 19413 | Lair:3   | Noticed Snorg
 19423 | Lair:3   | Killed Snorg
 20553 | Lair:4   | Found a viscous altar of Jiyva.
 20556 | Lair:4   | Found a staircase to the Slime Pits.
 20606 | Lair:4   | Noticed Kirke
 20616 | Lair:4   | Killed Kirke
 21054 | Lair:4   | Upgraded the game from 0.30-a0-1053-gbd8d5ba0ad to
                  | 0.30-a0-1075-gcd70e7a56d
 21437 | Lair:5   | Entered Level 5 of the Lair of Beasts
 21625 | Lair:5   | Found the ring of the Octopus King
 21695 | Lair:5   | Identified a ring of the Octopus King {Wiz HP+2 AC+2 EV+2
                  | SH+2}
 21944 | Lair:5   | Gained mutation: You are partially covered in slimy green
                  | scales. (AC +2) [demonic ancestry]
 21944 | Lair:5   | Reached XP level 15. HP: 110/110 MP: 27/27
 21982 | Lair:5   | Gained mutation: You are missing an eye, making it more
                  | difficult to aim. [Ru sacrifice]
 21982 | Lair:5   | Reached ****** piety under Ru
 22731 | Lair:5   | Found the macabre finger necklace {Finger+ rN+}
 23550 | Orc:1    | Entered Level 1 of the Orcish Mines
 23857 | Orc:1    | Found Etinoz's General Store.
 23920 | Orc:1    | Found Iwkeed's General Store.
 24276 | Orc:2    | Entered Level 2 of the Orcish Mines
 24276 | Orc:2    | Found a staircase to the Elven Halls.
 24489 | Orc:2    | Found a runed translucent door.
 24491 | Orc:2    | Noticed gelatine's ghost (journeyman DjFE)
 24726 | Orc:2    | Found Bipeohuv's Armour Shop.
 24727 | Orc:2    | Found Qionaqyi's Assorted Antiques.
 24743 | Orc:2    | Found Yceot's Antique Weapon Shoppe.
 24828 | Orc:2    | Found Agaunwob's Armour Boutique.
 24994 | Orc:2    | Bought the +2 shield of Resistance {rF++ rC++ Will++} for
                  | 775 gold pieces
 24994 | Orc:2    | Found the +2 shield of Resistance {rF++ rC++ Will++}
 25023 | Orc:2    | Bought a +1 pair of boots of stealth for 198 gold pieces
 25072 | Orc:1    | Bought a scroll of magic mapping for 127 gold pieces
 25105 | Orc:1    | Bought a scroll of fear for 56 gold pieces
 25105 | Orc:1    | Bought a scroll of fear for 56 gold pieces
 25211 | Snake:1  | Entered Level 1 of the Snake Pit
 25263 | Shoals:1 | Entered Level 1 of the Shoals
 25263 | Shoals:1 | Noticed Louise
 25265 | Shoals:1 | Noticed Nikola
 25271 | Shoals:1 | Noticed Frances
 25272 | Shoals:1 | Killed Louise
 25384 | Shoals:1 | Killed Frances
 25510 | Shoals:1 | Slain by Nikola

Illustrated notes

Levels and vault maps discovered:
D:1:      dpeg_arrival_arbitrary_c, layout_basic, minivault_23,
          minmay_tetromino_s2
D:2:      layout_basic, shapermc_ecumenical_altar_ellora,
          kennysheep_generic_room_16
D:3:      layout_basic, amcnicky_altar_gilded, lightli_sewer_entry_pipes,
          minmay_fractal_squares_gapless_5
D:4:      kennysheep_big_flooded_room, layout_basic,
          mainiacjoe_overflow_24_doors, serial_bayou_ford_a, st_stairs_6,
          minmay_hedge_maze, nicolae_shop_sticking_my_neck_out
D:5:      layout_loops_ring, nicolae_dithmenos_through_a_glass_darkly,
          mainiacjoe_overflow_chevrons, dk_vineyard_2, fountainhead
D:6:      layout_basic, minmay_circle_x
D:7:      layout_cave_pools, kennysheep_mini, temple_fountains, enter_bailey_1,
          uniq_menkaure
D:8:      layout_basic, nicolae_uskayaw_murder_on_the_dancefloor,
          enter_ossuary_5, serial_shops, shop
D:9:      layout_basic, nicolae_ashenzari_panopticon, tso_altar,
          makhleb_altar_promises_db, nicolae_alphabet_shops
D:10:     layout_long_grid, serial_rivers, chequers_serial_rivers_room_a,
          chequers_serial_rivers_small_a, chequers_serial_rivers_large_b,
          chequers_serial_rivers_marsh, chequers_serial_rivers_micro_e,
          chequers_serial_rivers_large_a, minivault_27, uniq_joseph
D:11:     layout_stronghold, hellmonk_lair_entry_icy, david_orc_3, minivault_4,
          minmay_variable_closet, dreamdust_princess_bridge
D:12:     layout_loops_ring
D:13:     layout_big_octagon, lightli_vaults_fourway_checkpoint, zin_academy
D:14:     layout_irregular_city, grunt_decor_mini_mirrors, serial_demonic,
          serial_demonic_a, serial_demonic_a, serial_demonic_b,
          serial_demonic_c, serial_shops, kennysheep_mini_moat,
          nicolae_shop_statue_plus
Temple:   nicolae_temple_ecumenical_triangle
Lair:1:   hellmonk_ruined_rings, layout_cave_pods, wad_woods_road_06,
          chequers_serial_rivers_marsh, nzn_sisyphean_effort,
          uniq_prince_ribbit2
Lair:2:   layout_small_grid, elwin_shoals_entry_stream,
          nicolae_snake_entry_warm_welcome, portal_ice_cave_rime, st_stairs_10,
          pdpol_lair_neglected_garden, nicolae_lair_liquid_snakes,
          grunt_megastairs_3
Lair:3:   layout_long_grid, minivault_26, beast_lair_carwin_8, uniq_snorg
Lair:4:   layout_roguey, minmay_slime_entry_oklob_enclosed,
          beast_lair_carwin_10, grunt_megastairs_2, uniq_kirke
Lair:5:   gammafunk_lair_ancient_temple, layout_cave_pods,
          minmay_lair_oklob_items
Shoals:1: layout_shoals, ebering_ghost_reflecting_pool, uniq_louise,
          uniq_nikola, uniq_frances
Snake:1:  layout_chambers, lemuel_oklob_altar, minmay_shop_star,
          serial_bayou_shore_a
Orc:1:    layout_caves, serial_shops, shop_fountains, shop_fountains,
          nicolae_orc_bridge_out, guppyfry_orc_lava_fort
Orc:2:    st_orc_open, layout_diamond_mine, ebering_ghost_inner_flame

Skill      XL: |  1  2  3  4  5  6  7  8  9 10 11 12 13 14 15 |
---------------+----------------------------------------------+-----
Transmutations | 1 2 3 4 |  4.0
Air Magic      | 1 2 3 2 3 |  3.0
Conjurations   | 1 3 5 7 6 |  6.4
Spellcasting   | 3 4 6 7 7 8 9 |  9.6
Poison Magic   | 4 6 7 8 8 9 |  9.3
Shields        | 3 4 5 5 7 8 |  8.6
Dodging        | 3 2 |  2.8
Fighting       | 2 5 7 8 9 7 |  7.7
Short Blades   | 2 5 6 7 8 7 9 |  9.0
Translocations | 2 2 3 |  3.0
Fire Magic     | 3 5 7 6 7 8 |  8.6
Armour         | 3 |  3.0
Stealth        | |  1.4

Action                     |  1- 3 |  4- 6 |  7- 9 | 10-12 | 13-15 || total
---------------------------+-------+-------+-------+-------+-------++-------
  Melee: Dagger            |    80 |   137 |   245 |   280 |   646 ||  1388
         Unarmed           |     1 |       |       |       |       ||     1
         Punch             |     1 |     1 |       |       |       ||     2
         Tailslap          |       |     8 |    40 |    51 |   159 ||   258
  Throw: Throwing net      |       |       |       |       |     1 ||     1
   Cast: Sting             |    40 |    20 |    31 |     6 |    26 ||   123
         Poisonous Vapours |    12 |     8 |    13 |     9 |     7 ||    49
         Mephitic Cloud    |       |     5 |     3 |    25 |    31 ||    64
         Olgreb's Toxic Ra |       |     1 |    22 |    46 |   125 ||   194
         Ignite Poison     |       |       |     8 |    79 |   225 ||   312
         Sticky Flame      |       |       |       |    24 |   100 ||   124
         Blink             |       |       |       |     3 |     4 ||     7
 Invoke: Sacrifice Artific |       |       |       |     1 |       ||     1
         Sacrifice Purity  |       |       |       |     1 |       ||     1
         Sacrifice Skill   |       |       |       |       |     2 ||     2
         Reject Sacrifices |       |       |       |       |     1 ||     1
         Draw Out Power    |       |       |       |       |     1 ||     1
         Power Leap        |       |       |       |       |     1 ||     1
         Apocalypse        |       |       |       |       |     1 ||     1
         Sacrifice an Eye  |       |       |       |       |     1 ||     1
    Use: Scroll            |     5 |     4 |     6 |    16 |    15 ||    46
         Potion            |       |     1 |     5 |     2 |    12 ||    20
   Stab: Sleeping          |     4 |     2 |     2 |       |       ||     8
         Invisible         |       |     3 |       |     3 |     2 ||     8
         Confused          |       |       |     2 |       |     4 ||     6
         Distracted        |       |       |       |     1 |     4 ||     5
         Paralysed         |       |       |       |       |     1 ||     1
 Armour: Robe              |     4 |       |       |       |       ||     4
         Leather armour    |    11 |    32 |    50 |       |       ||    93
         Ring mail         |       |       |       |    67 |   266 ||   333
         Steam dragon scal |       |       |       |     4 |       ||     4
  Dodge: Dodged            |    41 |    96 |   102 |    70 |   191 ||   500
  Block: Other             |    11 |    23 |     5 |       |       ||    39
         Buckler           |       |       |    82 |    71 |       ||   153
         Kite shield       |       |       |       |    54 |   505 ||   559
         Reflection        |       |       |       |     4 |     9 ||    13

Table legend: (Time is in decaauts)
 A = Elapsed time spent in this place.
 B = Non-inter-level travel time spent in this place.
 C = Inter-level travel time spent in this place.
 D = Time resting spent in this place.
 E = Time spent auto-exploring this place.
 F = Levels seen in this place.
 G = Mean time per level.
                   A        B        C        D        E       F      G
               +--------+--------+--------+--------+--------+-----+--------+
         Total |  25311 |  23971 |   1340 |   2252 |  16547 |  28 |  904.0 |
       Dungeon |  13911 |  13080 |    831 |    617 |   9922 |  14 |  993.6 |
        Temple |     46 |     46 |      0 |      0 |     28 |   1 |   46.0 |
          Lair |   6903 |   6566 |    337 |    589 |   4774 |   5 | 1380.6 |
        Shoals |    102 |    102 |      0 |      0 |      4 |   1 |  102.0 |
     Snake Pit |      8 |      8 |      0 |      0 |      0 |   1 |    8.0 |
  Orcish Mines |   1520 |   1350 |    170 |      0 |   1049 |   2 |  760.0 |
         Sewer |    472 |    472 |      0 |     86 |    206 |   1 |  472.0 |
       Ossuary |    148 |    148 |      0 |      0 |     67 |   1 |  148.0 |
        Bailey |    512 |    512 |      0 |    110 |    254 |   1 |  512.0 |
      Ice Cave |   1684 |   1684 |      0 |    850 |    243 |   1 | 1684.0 |
               +--------+--------+--------+--------+--------+-----+--------+

Top non-repeatable levels by time:
  Lair:5: 1910 daAuts
    D:11: 1772 daAuts
   IceCv: 1684 daAuts
  Lair:1: 1404 daAuts
     D:6: 1344 daAuts
    D:12: 1339 daAuts
  Lair:2: 1298 daAuts
  Lair:4: 1233 daAuts
     D:3: 1072 daAuts
  Lair:3: 1057 daAuts
     D:9: 1003 daAuts
     D:1: 986 daAuts
     D:2: 974 daAuts
     D:5: 962 daAuts
     D:4: 948 daAuts
